cohdb
Replays
Latest Replays
All Replays
Popular Replays
Top Player Replays
Match Explorer
How It Works
Community
CoH3 Stats
Reddit
Sign in to upload your games and track your stats! →
Sign in with Steam
human wave
Match 45827126
Overview
Messages
Build Orders
End
Scout Squad
Construct Weapon Support Center
M1919 Machine Gun Team
M1919 Machine Gun Team
Bazooka Squad
Infantry Support Center
Selects Heavy Weapons
Selects Assault Carriers
M3 Assault Carrier
Construct Medical Station
Construct Barracks
Selects M2HB .50cal Heavy Machine Gun
Captain Retinue
Riflemen Squad
Riflemen Squad
Riflemen Squad
Selects Exchangeable Parts
M3 Assault Carrier
M1918 Browning Automatic Rifles
M3 Assault Carrier
Engineer Squad
Grenade Package
Advanced Logistics
M1919 Machine Gun Team
M3 Assault Carrier
Selects M26 Pershing Heavy Tank
M26 Pershing Heavy Tank
Riflemen Squad
Engineer Squad
Riflemen Squad
Selects Rapid Reposition
M26 Pershing Heavy Tank
Riflemen Squad
Friend Simulator
Corrupted Sun
Mamma Li Turchi
DALYARAK
0
0
Comments
sign in to comment!
No comments posted yet!